 Dungeon Crawl Stone Soup version 0.29.0-4-gdea44cf6ec (webtiles) character file.

Game seed: 6841875326278490208

43 qw the Chopper (level 3, 0/21 HPs)
             Began as a Tengu Warper on Aug 28, 2022.
             Constricted to death by Natasha (2 damage)
             ... on level 2 of the Dungeon.
             The game lasted 00:00:07 (1152 turns).

qw the Chopper (Tengu Warper)                       Turns: 1152, Time: 00:00:07

Health: 0/21       AC:  3    Str: 13    XL:     3   Next: 58%
Magic:  7/7        EV: 12    Int: 13    God:
Gold:   158        SH:  4    Dex: 13    Spells: 6/6 levels left

rFire   . . .      SeeInvis .   a - +0 hand axe
rCold   . . .      Faith    .   f - +0 buckler
rNeg    . . .      Spirit   .   b - +0 leather armour
rPois   .          Reflect  .   (helmet restricted)
rElec   .          Harm     .   (no cloak)
rCorr   +          Rampage  .   (no gloves)
Will    .....                   (boots unavailable)
Stlth   +.........              (no amulet)
HPRegen 0.07/turn               d - ring of resist corrosion
MPRegen 0.10/turn               i - +4 ring of evasion

@: grasped by roots, constricted
A: beak, talons 3
a: no special abilities


You were on level 2 of the Dungeon.
You visited 1 branch of the dungeon, and saw 2 of its levels.

You collected 158 gold pieces.


Innate Abilities, Weirdness & Mutations

You have a beak for a mouth.
You have claws for feet.


   Skills:
 - Level 2.0 Fighting
 + Level 4.0 Axes
 - Level 1.0 Throwing
 - Level 1.1 Armour
 - Level 2.1 Dodging
 - Level 1.0 Shields
 - Level 2.0 Spellcasting
 - Level 2.4 Translocations


You had 6 spell levels left.
You didn't know any spells.
Your spell library contained the following spells:

 Spells                   Type           Power      Damage    Failure   Level
 Blink                    Tloc           14%        N/A       26%         2
 Gell's Gravitas          Tloc           7%         N/A       45%         3
 Lesser Beckoning         Tloc           7%         N/A       45%         3
 Teleport Other           Tloc           7%         N/A       45%         3
 Manifold Assault         Tloc           7%         N/A       99%         5

Inventory:

Hand Weapons
 a - a +0 hand axe (weapon)
 e - a +0 club
Armour
 b - a +0 leather armour (worn)
 f - a +0 buckler (worn)
Jewellery
 d - a ring of resist corrosion (left hand)
 i - a +4 ring of evasion (right hand)
Potions
 c - a potion of curing {unknown}
 g - a potion of haste {unknown}
 h - a potion of flight {unknown}

Dungeon Overview and Level Annotations

Branches:
Dungeon (2/15)

Altars:

Annotations:
D:2 Natasha


Message History

Natasha mumbles some strange words.
The white imp gestures at you. The puff of frost hits you.
Natasha barely misses you. The white imp misses you.
You barely miss Natasha. You hit the white imp.
Natasha zaps a wand.
The roots erupt in riotous growth!
The grasping roots grab you!
Natasha is unaffected.
The white imp is unaffected.
The grasping roots constrict you. The white imp gestures at you.
You block the puff of frost.
You hit the white imp but do no damage. You peck the white imp.
The white imp is heavily wounded.
You hit Natasha but do no damage. Natasha barely misses you.
The grasping roots constrict you.
The white imp hits you but does no damage.
The grasping roots release their grip on you.
You completely miss the white imp.
You claw the white imp, but do no damage.
You peck the white imp.
The white imp is almost dead.
You hit Natasha but do no damage. Natasha closely misses you.
The white imp hits you but does no damage.
You hit the white imp but do no damage.
You claw the white imp, but do no damage.
The white imp is almost dead.
You hit Natasha. Natasha claws you. You block the white imp's attack.
You hit the white imp.
You kill the white imp!
The white imp disappears in a puff of smoke!
You hit Natasha.
Natasha zaps a wand.
The roots erupt in riotous growth!
The grasping roots grab you!
Natasha is unaffected.
The grasping roots constrict you.
You miss Natasha. Your kick misses Natasha.
Natasha is moderately wounded.
Natasha misses you. The grasping roots constrict you.
You die...

#..... #.#... .......
### ##.#.#. .. #.#...
.# # #.#. ##.###.#
..#. #h¤....# .### ##
#.#####@.#########.#..
#.....................
#######..######....>..
#..# #........##
#..####.#.#.....##
#...........###...
#######.#.#.##....
#..##.#.#.#.
#.###.....##


You could see Natasha.

Vanquished Creatures
  A worm (D:2)
  2 dart slugs
  5 ball pythons
  4 bats
  2 endoplasms
  A giant cockroach (D:2)
  3 hobgoblins (D:1)
  2 jackals (D:1)
  2 quokkas (D:1)
  2 frilled lizards (D:1)
  4 goblins (D:1)
  2 kobolds (D:1)
  4 rats (D:1)
34 creatures vanquished.

Vanquished Creatures (others)
  2 fungi (D:1)
  11 toadstools (D:1)
13 creatures vanquished.

Grand Total: 47 creatures vanquished

Notes
Turn   | Place    | Note
-------+----------+-------------------------------------------
     0 | D:1      | qw the Tengu Warper began the quest for the Orb.
     0 | D:1      | Reached XP level 1. HP: 12/12 MP: 4/4
     0 | D:1      | 0 ||| qw: Version: 0.1-a-89-g26bdef1
     0 | D:1      | 0 ||| qw: Game counter: 689
     0 | D:1      | 0 ||| qw: Always use a shield: true
     0 | D:1      | 0 ||| qw: God list: Okawaru
     0 | D:1      | 0 ||| qw: Allow faded altars: false
     0 | D:1      | 0 ||| qw: Do Orc after D:15 true
     0 | D:1      | 0 ||| qw: Do second Lair branch before Depths: true
     0 | D:1      | 0 ||| qw: Lair rune preference: random
     0 | D:1      | 0 ||| qw: Plans: Normal
     0 | D:1      | 0 ||| PLANNING D:1-11
   166 | D:1      | Reached XP level 2. HP: 12/17 MP: 6/6
   284 | D:1      | Reached skill level 3 in Axes
   489 | D:1      | 489 ||| Stepping ~*~*~tactically~*~*~ (stealth).
   677 | D:1      | Found a faded altar of an unknown god.
   755 | D:1      | Reached XP level 3. HP: 21/21 MP: 7/7
   878 | D:1      | Reached skill level 4 in Axes
   923 | D:1      | 923 ||| UPGRADING to +0 buckler.
   928 | D:1      | 928 ||| DROPPING orb of mayhem.
   929 | D:1      | 929 ||| UPGRADING to ring of resist corrosion.
   930 | D:1      | 930 ||| UPGRADING to +4 ring of evasion.
   931 | D:1      | 931 ||| DROPPING scroll of blinking.
   975 | D:2      | 975 ||| Stepping ~*~*~tactically~*~*~ (hiding).
  1111 | D:2      | Reached skill level 1 in Shields
  1143 | D:2      | Noticed Natasha
  1151 | D:2      | HP: 2/21 [constriction (5)]
  1152 | D:2      | Constricted to death by Natasha

Levels and vault maps discovered:
D:1:      ldierk_walled_garden, layout_loops_cross,
          hellmonk_ecumenical_altar_leap_of_faith, minmay_gold_behind_fungi,
          due_unseen_surprise
D:2:      layout_loops_ring, uniq_natasha, uniq_crazy_yiuf_cottage

Skill      XL: |  1  2  3 |
---------------+----------+-----
Axes           | 3 4 |  4.0
Shields        | 1 |  1.0
Fighting       | |  2.0
Throwing       | |  1.0
Armour         | |  1.1
Dodging        | |  2.1
Spellcasting   | |  2.0
Translocations | |  2.4

Action                   || total
-------------------------++-------
Melee: Hand axe          ||    75
       Kick              ||    21
       Peck              ||     6
Throw: Boomerang         ||     7
Armor: Leather armour    ||    18
Dodge: Dodged            ||    45
Block: Buckler           ||     2

Table legend:
 A = Non-vault XP
 B = Vault XP
 C = Vault XP percentage of total XP
 D = Non-vault monster count
 E = Vault monster count
 F = Vault count percentage of total count
                 A         B        C        D         E       F
            +---------+---------+-------+---------+---------+-------
      Total |      62 |       0 |   0.0 |      34 |       0 |   0.0
            +---------+---------+-------+---------+---------+-------
        D:1 |      45 |       0 |   0.0 |      27 |       0 |   0.0
        D:2 |      17 |       0 |   0.0 |       7 |       0 |   0.0
            +---------+---------+-------+---------+---------+-------
